 Dungeon Crawl Stone Soup version 0.32-a0-913-g739538afd8 (webtiles) character file.

Game seed: 10774802167076286973

1561361 Ruich the Heavyweight Champion (level 25, 212/212 HPs)
             Began as a Troll Fighter on Apr 6, 2024.
             Was the Champion of Wu Jian.
             Escaped with the Orb
             ... and 3 runes on Apr 9, 2024!
             The game lasted 03:34:19 (77359 turns).

Ruich the Heavyweight Champion (Troll Fighter)     Turns: 77359, Time: 03:34:19

Health: 212/212    AC: 37    Str: 30    XL:     25   Next: 73%
Magic:  31/31      EV: 13    Int:  5    God:    Wu Jian [******]
Gold:   3989       SH: 20    Dex: 24    Spells: 18/24 levels left

rFire   + +          .
                       - Unarmed
rCold   + + .        y - +4 kite shield {rF+}
rNeg    + + +        Q - +10 gold dragon scales "Baiteat" {rElec rPois rF+ rC+ Int+2 Dex+3}
rPois   ∞            O - +2 hat {Stlth+}
rElec   +            R - +2 cloak {rCorr}
rCorr   +            (gloves unavailable)
SInv    .            (boots unavailable)
Will    ++++.        b - amulet of Jutsoepn {Rampage +Blink Regen+ RegenMP+} Stlth
                     G - +5 ring of evasion
HPRegen 2.15/turn    Z - ring of Wejitz {Will++ MP+9}
MPRegen 0.62/turn

%: rampage
@: death-form, studying 2 skills
A: vile attack, torment immunity, no potions, reduced hp, large, unfitting
armour, claws 3, regeneration 1, shaggy fur 1, tough skin 1, iridescent scales
1, agile 1, frail 1
0: Orb of Zot
}: 3/15 runes: decaying, silver, gossamer
a: Siphon Essence, Begin Untransformation, Renounce Religion, Evoke Blink, Wall
Jump, Serpent's Lash, Heavenly Storm


You escaped.
You worshipped Wu Jian.
Wu Jian was exalted by your worship.
You were an undying horror.
You visited 10 branches of the dungeon, and saw 48 of its levels.
You also visited: Sewer and Bailey.

You collected 9143 gold pieces.
You spent 5154 gold pieces at shops.


Innate Abilities, Weirdness & Mutations

You are an undying horror.
Your melee and unarmed attacks drain, slow and weaken victims.
You are immune to unholy pain and torment.
You cannot drink.
Your maximum health is decreased, since you lack skill for your form.
You are immune to poison.
You are too large for most types of armour.
You have claws for hands.
Your natural rate of healing is unusually fast.
You are covered in fur. (AC +1)
You have tough skin. (AC +1)
You are partially covered in iridescent scales. (AC +2)
You are agile. (Dex +4, Str/Int -1)
You are frail. (-10% HP)


   Skills:
 - Level 17.5 Fighting
 - Level 10.3 Armour
 - Level 9.9 Dodging
 - Level 5.0 Stealth
 - Level 17.5 Shields
 O Level 27 Unarmed Combat
 + Level 22.0 Shapeshifting


You had 18 spell levels left.
You knew the following spells:

 Your Spells              Type           Power      Damage    Failure   Level
a - Apportation           Tloc           0%         N/A       100%        1
i - Swiftness             Air            0%         N/A       100%        3
l - Lesser Beckoning      Tloc           0%         N/A       100%        2

Your spell library contained the following spells:

 Spells                   Type           Power      Damage    Failure   Level
 Foxfire                  Conj/Fire      0%         2x1d4     100%        1
 Necrotise                Necr           0%         1d4       100%        1
 Shock                    Conj/Air       0%         1d3       100%        1
 Ensorcelled Hibernation  Hex/Ice        0%         N/A       100%        2
 Jinxbite                 Hex            0%         N/A       100%        2
 Mercury Vapours          Alch/Air       0%         N/A       100%        2
 Momentum Strike          Conj/Tloc      0%         3d8       100%        2
 Searing Ray              Conj           0%         2d4       100%        2
 Sublimation of Blood     Necr           0%         N/A       100%        2
 Call Canine Familiar     Summ           0%         N/A       100%        3
 Dazzling Flash           Conj/Hex       0%         N/A       100%        3
 Frozen Ramparts          Ice            0%         1d1       100%        3
 Fugue of the Fallen      Necr           0%         N/A       100%        3
 Hailstorm                Conj/Ice       0%         3d5       100%        3
 Inner Flame              Hex/Fire       0%         N/A       100%        3
 Maxwell's Portable Pile  Tloc           0%         2d(5-13)  100%        3
 Mephitic Cloud           Conj/Alch/Air  0%         N/A       100%        3
 Ozocubu's Armour         Ice            0%         N/A       100%        3
 Sigil of Binding         Hex            0%         N/A       100%        3
 Summon Ice Beast         Ice/Summ       0%         N/A       100%        3
 Teleport Other           Tloc           0%         N/A       100%        3
 Vampiric Draining        Necr           0%         2d6       100%        3
 Airstrike                Air            0%         2d(0-16)  100%        4
 Anguish                  Hex/Necr       0%         N/A       100%        4
 Animate Armour           Summ/Erth      0%         N/A       100%        4
 Animate Dead             Necr           0%         N/A       100%        4
 Cause Fear               Hex            0%         N/A       100%        4
 Dimensional Bullseye     Hex/Tloc       0%         N/A       100%        4
 Flame Wave               Conj/Fire      0%         2d4       100%        4
 Martyr's Knell           Necr/Summ      0%         N/A       100%        4
 Olgreb's Toxic Radiance  Alch           0%         N/A       100%        4
 Passage of Golubria      Tloc           0%         N/A       100%        4
 Petrify                  Alch/Erth      0%         N/A       100%        4
 Sticky Flame             Fire/Alch      0%         2d4       100%        4
 Alistair's Intoxication  Alch           0%         N/A       100%        5
 Borgnjor's Vile Clutch   Necr/Erth      0%         N/A       100%        5
 Curse of Agony           Necr           0%         N/A       100%        5
 Fireball                 Conj/Fire      0%         3d3       100%        5
 Freezing Cloud           Conj/Ice/Air   0%         6-21      100%        5
 Irradiate                Conj/Alch      0%         3d11      100%        5
 Metabolic Englaciation   Hex/Ice        0%         N/A       100%        5
 Silence                  Hex/Air        0%         N/A       100%        5
 Summon Mana Viper        Hex/Summ       0%         N/A       100%        5
 Bombard                  Conj/Erth      0%         9d1       100%        6
 Conjure Ball Lightning   Conj/Air       0%         3x3d6     100%        6
 Death Channel            Necr           0%         N/A       100%        6
 Permafrost Eruption      Ice/Erth       0%         2x4d1     100%        6
 Plasma Beam              Fire/Air       0%         2x1d10    100%        6
 Sculpt Simulacrum        Ice/Alch       0%         N/A       100%        6
 Starburst                Conj/Fire      0%         6d3       100%        6
 Haunt                    Necr/Summ      0%         N/A       100%        7
 Monstrous Menagerie      Summ           0%         N/A       100%        7
 Ozocubu's Refrigeration  Ice            0%         4d7       100%        7
 Spellforged Servitor     Conj/Summ      0%         N/A       100%        7
 Discord                  Hex            0%         N/A       100%        8
 Disjunction              Tloc           0%         N/A       100%        8
 Infestation              Necr           0%         N/A       100%        8
 Lehudib's Crystal Spear  Conj/Erth      0%         10d2      100%        8
 Maxwell's Capacitive Co  Air            0%         ∞         100%        8
 Dragon's Call            Summ           0%         N/A       100%        9
 Polar Vortex             Ice            0%         N/A       100%        9

Inventory:

Missiles
 j - 17 large rocks {=f}
 z - 66 boomerangs (quivered)
 Y - 5 throwing nets {=f}
Armour
 y - a +4 kite shield of fire resistance (worn)
 O - a +2 hat of stealth (worn)
 Q - the +10 gold dragon scales "Baiteat" (worn) {rElec rPois rF+ rC+ Int+2 Dex+3}
   (You took it off an orc on level 10 of the Dungeon)

   Int+2:     It affects your intelligence (+2).
   Dex+3:     It affects your dexterity (+3).
   rF+:       It protects you from fire.
   rC+:       It protects you from cold.
   rElec:     It insulates you from electricity.
   rPois:     It protects you from poison.
 R - a +2 cloak of preservation (worn)
Jewellery
 a - a ring of positive energy
 b - the amulet of Jutsoepn (around neck) {Rampage +Blink Regen+ RegenMP+}
   (You bought it in a shop on level 15 of the Dungeon)

   [amulet of magic regeneration]

   It increases your rate of magic regeneration.
   +Blink:    It lets you blink.
   Regen+:    It increases your rate of health regeneration.
   Rampage:   It bestows one free step when moving towards enemies.
   RegenMP+:  It increases your rate of magic regeneration.
 r - a ring of flight
 t - a ring of positive energy
 v - a ring of poison resistance
 F - a ring of protection from fire
 G - a +5 ring of evasion (left claw)
 H - the ring "Rymaq" {rC+ rCorr Str+2 Slay+2}
   (You found it on level 5 of the Vaults)

   [ring of protection from cold]

   Str+2:     It affects your strength (+2).
   Slay+2:    It affects your accuracy & damage with ranged weapons and melee
   (+2).
   rC+:       It protects you from cold.
   rCorr:     It protects you from acid and corrosion.
 P - the macabre finger necklace {Finger+ rN+}
   (You took it off an ironbound convoker on level 5 of the Vaults)

   [amulet of nothing]

   Finger+:   It enables you to equip an extra ring.
   rN+:       It protects you from negative energy.
 T - a ring of wizardry
 U - a ring of see invisible
 Z - the ring of Wejitz (right claw) {Will++ MP+9}
   (You bought it in a shop on level 2 of the Orcish Mines)

   [ring of magical power]

   Will++:    It greatly increases your willpower.
   MP+9:      It affects your magic capacity (+9).
Talismans
 f - a talisman of death (active)
Wands
 x - a wand of warping (54)
 B - a wand of mindburst (85)
 E - a wand of acid (13)
 J - a wand of digging (4)
Scrolls
 c - 47 scrolls of identify {@r1}
 g - 10 scrolls of teleportation {@r2}
 l - 4 scrolls of immolation
 s - 6 scrolls of blinking
 A - a scroll of silence {!r}
 C - 7 scrolls of vulnerability
 M - a scroll of revelation
 V - 5 scrolls of fear
 W - 6 scrolls of fog
Potions
 d - 18 potions of curing {@q1}
 e - 6 potions of resistance
 h - 2 potions of invisibility
 i - 10 potions of lignification
 k - 5 potions of haste {@q3}
 m - 5 potions of cancellation
 n - 7 potions of magic
 o - 16 potions of heal wounds {@q2}
 p - 10 potions of enlightenment
 u - 7 potions of attraction
 w - 5 potions of berserk rage {!q}
 I - 7 potions of ambrosia
 K - 7 potions of brilliance
 N - 9 potions of might
 X - 9 potions of mutation
Miscellaneous
 q - a condenser vane
 D - a lightning rod (4/4)
 L - a phial of floods
 S - a phantom mirror

Dungeon Overview and Level Annotations

Branches:
Dungeon (15/15)            Temple (1/1) D:5            Lair (5/5) D:8
  Swamp (4/4) Lair:3       Spider (4/4) Lair:3        Slime (0/5) Lair:5
    Orc (2/2) D:10            Elf (3/3) Orc:2        Vaults (5/5) D:14
  Crypt (0/3) Vaults:3     Depths (4/4) D:15            Zot (5/5) Depths:4
  Sewer (visited)          Bailey (visited)

Altars:
Ashenzari
Cheibriados
Dithmenos
Elyvilon
Fedhas
Gozag
Hepliaklqana
Kikubaaqudgha
Makhleb
Nemelex Xobeh
Okawaru
Qazlal
Ru
Sif Muna
Trog
Uskayaw
Vehumet
Wu Jian
Xom
Yredelemnul
Zin
The Shining One
Beogh
Lugonu

Shops:
D:1 =   D:4 ?:   D:15 *   Orc:2 *!=*   Elf:1 (   Elf:3 =   Depths:1 !
Depths:3 :==

Portals:
Hell: Depths:1 Depths:2 Depths:3 Depths:4
Abyss: Lair:5 Depths:1 Depths:2 Depths:3
Pandemonium: Depths:2 Depths:3
Ziggurat: Depths:4
Trove: D:11 (give 8 potions of haste)

Annotations:
Lair:5 2 exclusions
Elf:1 3 runed translucent doors
Elf:2 3 runed translucent doors
Zot:4 exclusion: downstairs

#.#..##...............# #.# #.
#)#..###########.####.# #.# #.
#.#..# #.# #.# #.# #. #.#..#
#.# #.# #.####. #.#..#
##.####.### #......
.....##########.........#
######.
#.......................# #.
####.####...............# #.
#.# #.####..z.2.....# ## #.#
##.# ##....ß....# #####
#.###..#####.....♣...#####....
#.##.#.....................###
#.###..#####.........#####.#
#.# #..#####.........# #.#
##.# #............###.# #.#
#..###..#######.#.###.#####.#
#.##....##...............##.#


You could see a hell beast.


Message History

You kill the sixfirhy!
The Council accepts your kill.
Unknown command.
Things that are here:
a +0 dagger; a goblin skeleton
There is an open door here.
There is a stone staircase leading up, spattered with blood here.
You climb upwards.
There is a stone staircase leading down here.
Unknown command.
There is a stone staircase leading up here.
You climb upwards.
There is a stone staircase leading down here.
Unknown command.
An Orb Guardian comes into view.
You scratch the Orb Guardian.
The Orb Guardian decays.
The Orb Guardian is lightly wounded.
You mangle the Orb Guardian!!
The Orb Guardian decays.
You drain the Orb Guardian.
The Orb Guardian is heavily wounded.
The Orb Guardian misses you.
You eviscerate the Orb Guardian!!!
You kill the Orb Guardian!
The Council accepts your kill.
There is an escape hatch in the ceiling here.
A mysterious force pulls you upwards. The hatch slams shut behind you.
A hell beast comes into view.
Unknown command.
There is a staircase leading out of the dungeon here.
You have escaped!

Skill      XL: |  1  2  3  4  5  6  7  8  9 10 11 12 13 14 15 16 17 18 19 20 21 22 23 24 25 |
---------------+----------------------------------------------------------------------------+-----
Fighting       | 3 4 5 6 7 8 9 10 11 12 13 14 15 16 17 | 17.5
Dodging        | 3 4 5 6 7 8 9 |  9.9
Shields        | 3 4 5 6 7 8 9 10 11 12 13 14 15 16 17 | 17.5
Unarmed Combat | 3 4 5 6 7 9 11 12 14 15 17 18 19 20 22 23 24 25 26 27 | 27.0
Armour         | 2 4 6 7 8 9 10 | 10.3
Shapeshifting  | 3 5 8 10 14 19 22 | 22.0
Stealth        | 1 5 |  5.0

Action                     |  1- 3 |  4- 6 |  7- 9 | 10-12 | 13-15 | 16-18 | 19-21 | 22-24 | 25-27 || total
---------------------------+-------+-------+-------+-------+-------+-------+-------+-------+-------++-------
  Melee: Unarmed           |    67 |   160 |   350 |   745 |  1568 |  1900 |  1773 |  1967 |   406 ||  8936
  Throw: Boomerang         |       |       |       |     1 |     1 |     1 |       |       |       ||     3
 Invoke: Serpent's Lash    |       |       |       |     1 |     1 |     4 |       |     1 |       ||     7
         Heavenly Storm    |       |       |       |       |       |       |       |     1 |       ||     1
Ability: Lunge             |       |       |    14 |    34 |    84 |    94 |   108 |   141 |    40 ||   515
         Whirlwind         |       |       |    17 |   264 |   309 |   357 |   280 |   344 |    21 ||  1592
         Wall Jump         |       |       |       |     1 |       |       |       |       |       ||     1
  Evoke: Wand              |       |       |       |     9 |     5 |     6 |       |       |     1 ||    21
         Condenser vane    |       |       |       |     1 |     2 |     2 |     1 |       |       ||     6
         Lightning rod     |       |       |       |       |     4 |     8 |       |       |       ||    12
    Use: Scroll            |       |     8 |     9 |     4 |     8 |     8 |     4 |    17 |     1 ||    59
         Potion            |       |       |     1 |     2 |     3 |     6 |     1 |     4 |     1 ||    18
   Stab: Sleeping          |       |     3 |     1 |     1 |       |       |       |       |       ||     5
         Held in net/web   |       |       |       |       |     1 |       |       |       |       ||     1
         Distracted        |       |       |       |       |       |     1 |       |     1 |       ||     2
         Confused          |       |       |       |       |       |       |     2 |       |       ||     2
         Invisible         |       |       |       |       |       |       |       |     2 |       ||     2
 Armour: Robe              |    44 |    67 |   170 |   105 |       |       |       |       |       ||   386
         Gold dragon scale |       |       |       |   368 |   817 |  1549 |   821 |  1048 |   154 ||  4757
         Skin              |       |       |       |    14 |    35 |    27 |       |       |       ||    76
  Dodge: Dodged            |    19 |    40 |    93 |   116 |   138 |   302 |   160 |   337 |    45 ||  1250
  Block: Kite shield       |    24 |    98 |   272 |   565 |  1093 |  1512 |  1017 |  1007 |    99 ||  5687
         Reflection        |       |    14 |    17 |    14 |    26 |    37 |    72 |     8 |       ||   188
   Form: Death             |       |       |       |       |       |       |       |       |     1 ||     1

Levels and vault maps discovered:
D:1:      wander_arrival_peaceful_grave, layout_loops_ring, serial_shops,
          nicolae_shop_getting_attention
D:2:      layout_loops_ring, uniq_sigmund
D:3:      layout_basic, nicolae_dithmenos_shadow_blocks, gup_sewer_entry_pipe
D:4:      layout_basic, serial_forest, infiniplex_forest_corner_1,
          infiniplex_forest_clump_curved, infiniplex_forest_straight_4,
          infiniplex_forest_clump_tiny, infiniplex_forest_side_room,
          infiniplex_forest_diagonal, infiniplex_forest_clump_tiny,
          infiniplex_forest_end_3, nicolae_take_the_stairs, chequers_arboretum,
          nicolae_custom_books
D:5:      layout_rooms, minmay_temple_entry_from_below_b,
          dreamdust_princess_corridor, dreamdust_gnoll_farm
D:6:      layout_basic, mainiacjoe_overflow_cross_hatched
D:7:      minmay_opposing_rooms, layout_rooms, enter_bailey_5,
          minmay_lizard_king
D:8:      layout_basic, hellmonk_lair_entry_icy, uniq_maurice
D:9:      layout_layer_cave
D:10:     layout_basic, hiddenorc2_lemuel, biasface_ghost_orc_armoury,
          reono_crystal_passage
D:11:     layout_cave_pools, enter_trove_6, nicolae_ru_the_path_less_chosen
D:12:     kennysheep_windowed_halls, layout_basic, serial_undead,
          serial_undead_a, serial_undead_b, serial_undead_d, serial_undead_f,
          serial_undead_e, serial_undead_b, serial_undead_c, serial_undead_b
D:13:     wad_lake_hut, layout_basic
D:14:     minmay_the_grid_four_pointed_star
          [minmay_the_grid_triangle_9x9_pentomino_pain,
          minmay_the_grid_triangle_9x9_descending_squares,
          minmay_the_grid_triangle_9x9_from_above,
          minmay_the_grid_triangle_9x9_skeleton,
          minmay_the_grid_prize_four_corners], layout_loops_ring,
          lightli_vaults_fourway_checkpoint, uniq_nessos, uniq_azrael
D:15:     hellmonk_depths_entry_around_the_bend, layout_irregular_city,
          nicolae_gozag_zags_fifth_avenue, uniq_agnes
Temple:   mainiacjoe_temple_cubbyholes
Lair:1:   beast_lair_carwin_large_2, layout_big_grid, grunt_megastairs_2
Lair:2:   layout_regular_city, basic_altar, roderic_carrion_pond,
          beast_lair_carwin_7
Lair:3:   layout_regular_city, swamp_mist, spider_nest_entry_rubble,
          serial_bayou, serial_bayou_crossing, serial_bayou_lake_a,
          serial_bayou_pond_c, serial_bayou_pond_a, serial_bayou_pond_e,
          serial_bayou_shore_b
Lair:4:   dragon1_lemuel, layout_hall_layers, nicolae_volcano_entry_batcave,
          nicolae_quartered_pool_super
Lair:5:   hellmonk_lair_end_abyssal_woods, layout_concentric_octagons,
          slime_entry_1, pdpol_lair_cavern_descent, uniq_josephine
Swamp:1:  layout_falls_marsh, nicolae_swamp_fairy_circle, swamp_pool_1_2,
          nicolae_swamp_tree_isthmus, infiniplex_staircase_pool_2
Swamp:2:  layout_falls_marsh, evilmike_swamp_ruin_house_6,
          hangedman_swamp_wriggling
Swamp:3:  layout_falls_marsh, evilmike_swamp_ruin_house_3
Swamp:4:  swamp_old_school, layout_basic_swamp
Spider:1: layout_spider_delve, drop_trap, nicolae_spider_bzzzt, uniq_donald
Spider:2: layout_spider_delve, nicolae_looking_at_the_future, uniq_louise,
          uniq_nikola
Spider:3: nicolae_spider_hilbert_zone_2 [nicolae_spider_hilbert_4_sides_1_open,
          nicolae_spider_hilbert_4_sides_1_open,
          nicolae_spider_hilbert_4_sides_1_open,
          nicolae_spider_hilbert_4_sides_1_open,
          nicolae_spider_hilbert_6_sides_1_open,
          nicolae_spider_hilbert_6_sides_1_open,
          nicolae_spider_hilbert_3_sides_1_open,
          nicolae_spider_hilbert_3_sides_1_open,
          nicolae_spider_hilbert_3_sides_1_open,
          nicolae_spider_hilbert_3_sides_1_open,
          nicolae_spider_hilbert_6_sides_1_open,
          nicolae_spider_hilbert_6_sides_1_open,
          nicolae_spider_hilbert_6_sides_1_open,
          nicolae_spider_hilbert_6_sides_1_open], uniq_aizul, uniq_arachne
Spider:4: guppyfry_spider_rune
Orc:1:    layout_diamond_mine, nicolae_orc_found_a_spring, lemuel_statue_altar,
          bloody_makhleb
Orc:2:    pubby_orc_utopia
Elf:1:    layout_loops_corners, serial_shops, nicolae_shop_real_fake_doors,
          evilmike_minifort, minmay_strange_pillars, dreamdust_princess_bridge,
          nicolae_gammafunk_elf_defective_weapons_storage, uniq_zenata
Elf:2:    nicolae_elf_blades_crystal_corner, layout_rooms,
          ebering_ghost_rock_garden, basic_altar
Elf:3:    minmay_elf_hall_curves, layout_geoelf_octagon, serial_shops, shop
Vaults:1: hangedman_vaults_locks, nicolae_vaults_tangram_2,
          nicolae_vaults_six-pack, nicolae_vaults_wrenched,
          nicolae_vaults_sealed_display, nicolae_vaults_stepped_doors,
          v_misc_32, nicolae_vaults_murderbox, layout_vaults_omnigrid
Vaults:2: hangedman_vaults_trim, serial_ice_b, ontoclasm_vaults_chip,
          nicolae_vaults_tangram_1, nicolae_vaults_steering_wheel,
          vaults_room_guarded_vault, v_rooms_1, nicolae_vaults_sightless_eye,
          nicolae_vaults_prndl, grunt_vaults_funnel,
          nicolae_vaults_oval_intersection, vaults_room_pools,
          nicolae_vaults_diagonal_hallway_8, layout_vaults_omnicross
Vaults:3: hangedman_vaults_river_flow, nicolae_vaults_inception_scallops,
          nicolae_vaults_shrinking_rooms_1, vaults_room_hallway,
          minmay_crypt_entry_necro_gods, nicolae_vaults_bisected_exclaves,
          vaults_room_large_hall, nicolae_vaults_trapezoid_1,
          ontoclasm_vaults_spin, ontoclasm_vaults_ring_large, v_misc_3,
          nicolae_vaults_tangram_2, vaults_mumra_chevron, vaults_mumra_hex,
          layout_vaults_omnibox
Vaults:4: ebering_ghost_disaster_area, ontoclasm_vaults_decontamination,
          vaults_mumra_hexcomb, sword_in_stone,
          vaults_room_grunt_arrival_ludios, ontoclasm_vaults_gateway,
          nicolae_vaults_tetromino_T_1, layout_vaults_chaotic_city
Vaults:5
Depths:1: layout_gridlike, serial_curves, eino_curves_04, eino_curves_03,
          pf_coc_iceberg, serial_shops, shop, abyss_entry,
          minmay_misc_feat_rugged, nicolae_elyvilon_temple_path
Depths:2: grunt_profane_halls [grunt_profane_loot, grunt_profane_temple_tar,
          grunt_profane_temple_coc, grunt_profane_temple_dis,
          grunt_profane_temple_geh], pan_entry, abyss_entry, hell_entry
Depths:3: minmay_ornate_pinched, layout_long_grid, abyss_entry_flame_altar,
          pan_entry, hell_entry, wheals_guarded_unrand_autumn_katana,
          minmay_shop_grove
Depths:4: evilmike_zot_entry_basic, layout_twisted_cross, enter_ziggurat_b,
          pf_hell_entry_tar_spiral, nrook_mini_backslash, serial_bayou_shore_b,
          uniq_sojobo
Zot:1:    layout_cellular_growth, regret_index_zotdec_magical_s
Zot:2:    layout_misc_corridors, ebering_ghost_reflecting_pool,
          st_single_dragon_hoard_2
Zot:3:    layout_twisted_circle, uniq_parghit
Zot:4:    layout_basic
Zot:5:    layout_gridlike

Notes
Turn   | Place    | Note
-------+----------+-------------------------------------------
     0 | D:1      | Ruich the Troll Fighter began the quest for the Orb.
     0 | D:1      | Reached XP level 1. HP: 22/22 MP: 0/0
   130 | D:1      | Reached XP level 2. HP: 29/29 MP: 1/1
   250 | D:1      | Found Kafoama's Jewellery Boutique.
   676 | D:2      | Noticed Sigmund
   830 | D:2      | Killed Sigmund
   831 | D:2      | Reached skill level 3 in Fighting
   831 | D:2      | Reached skill level 3 in Dodging
   831 | D:2      | Reached skill level 3 in Shields
   831 | D:2      | Reached skill level 3 in Unarmed Combat
   831 | D:2      | Reached XP level 3. HP: 19/37 MP: 2/2
   831 | D:2      | Reached XP level 4. HP: 23/45 MP: 3/3
   831 | D:2      | Reached XP level 5. HP: 27/53 MP: 4/4
   939 | D:2      | Reached skill level 4 in Unarmed Combat
  1624 | D:3      | Found a glowing drain.
  1642 | Sewer    | Entered a sewer
  1733 | Sewer    | Reached XP level 6. HP: 37/61 MP: 5/5
  2157 | D:3      | Found a shadowy altar of Dithmenos.
  2941 | D:4      | Upgraded the game from 0.32-a0-900-g30fb1b0edc to
                  | 0.32-a0-909-gc671339a80
  2955 | D:4      | Reached skill level 4 in Shields
  2955 | D:4      | Reached skill level 5 in Unarmed Combat
  2955 | D:4      | Reached XP level 7. HP: 47/67 MP: 6/6
  3038 | D:4      | HP: 2/67 [ogre/+0 giant club (15)]
  3152 | D:4      | Found Kuaqau's Magic Scroll Boutique.
  3656 | D:4      | Found Bacecviv's Self-Published Books.
  3679 | D:4      | Reached skill level 4 in Fighting
  3679 | D:4      | Reached skill level 4 in Dodging
  4264 | D:5      | Entered Level 5 of the Dungeon
  4320 | D:5      | Reached skill level 6 in Unarmed Combat
  4330 | D:5      | Reached XP level 8. HP: 63/78 MP: 7/7
  4517 | D:5      | Found a staircase to the Ecumenical Temple.
  4826 | D:5      | Reached skill level 5 in Shields
  4935 | D:6      | Reached skill level 7 in Unarmed Combat
  5069 | D:6      | Found a white marble altar of Elyvilon.
  5178 | D:6      | Identified the orb of Quuh {mayhem, Stlth+}
  5342 | Temple   | Entered the Ecumenical Temple
  5386 | Temple   | Became a worshipper of the Wu Jian Council
  5666 | D:6      | Reached skill level 5 in Fighting
  5666 | D:6      | Reached skill level 5 in Dodging
  5709 | D:7      | Reached XP level 9. HP: 70/88 MP: 8/8
  5785 | D:7      | Reached skill level 8 in Unarmed Combat
  5831 | D:7      | Noticed a kobold demonologist
  5869 | D:7      | Killed a kobold demonologist
  5896 | D:7      | Reached skill level 6 in Shields
  6182 | D:7      | Reached skill level 9 in Unarmed Combat
  6214 | D:7      | Found a flagged portal.
  6230 | D:7      | Reached * piety under Wu Jian
  6248 | Bailey   | Entered a bailey
  6254 | Bailey   | Noticed an orc warlord
  6330 | Bailey   | Noticed an orc knight
  6393 | D:7      | Noticed a komodo dragon
  6418 | D:7      | Killed a komodo dragon
  6623 | D:7      | Identified 2 potions of resistance
  6701 | D:8      | Noticed a rime drake
  6709 | D:8      | Reached XP level 10. HP: 58/98 MP: 9/9
  6757 | D:7      | Reached skill level 6 in Fighting
  6757 | D:7      | Reached skill level 6 in Dodging
  6882 | D:8      | Found a staircase to the Lair.
  7154 | D:7      | Reached ** piety under Wu Jian
  7159 | D:7      | Reached skill level 10 in Unarmed Combat
  7212 | D:8      | Noticed Maurice
  7446 | D:8      | Maurice changed into Maurice the acid dragon
  7446 | D:8      | Noticed Maurice
  7452 | D:8      | Killed Maurice the acid dragon
  8010 | D:9      | Reached skill level 7 in Shields
  8427 | D:9      | Noticed a two-headed ogre
  9028 | D:10     | Entered Level 10 of the Dungeon
  9151 | D:10     | Found a staircase to the Orcish Mines.
  9158 | D:10     | Reached *** piety under Wu Jian
  9179 | D:10     | Reached skill level 11 in Unarmed Combat
  9272 | D:10     | Noticed a two-headed ogre
  9277 | D:10     | Killed a two-headed ogre
  9278 | D:10     | Reached XP level 11. HP: 92/107 MP: 10/10
  9392 | D:10     | Found a runed translucent gate.
  9392 | D:10     | Noticed jejorda2's ghost (journeyman GnBe)
  9393 | D:10     | Found a runed translucent gate.
  9394 | D:10     | Found a runed translucent gate.
  9573 | D:10     | Reached skill level 7 in Fighting
  9591 | D:10     | Reached skill level 7 in Dodging
 10215 | D:10     | Found a roughly hewn altar of Beogh.
 10216 | D:10     | Identified the +10 gold dragon scales "Baiteat" {rElec
                  | rPois rF+ rC+ Int+2 Dex+3}
 10262 | D:10     | Killed jejorda2's ghost
 10515 | Lair:1   | Entered Level 1 of the Lair of Beasts
 10528 | Lair:1   | Reached skill level 8 in Shields
 10617 | Lair:1   | Reached skill level 1 in Armour
 10621 | Lair:1   | Reached **** piety under Wu Jian
 10636 | Lair:1   | Reached skill level 12 in Unarmed Combat
 10731 | Lair:1   | Reached skill level 2 in Armour
 11198 | Lair:1   | Reached XP level 12. HP: 109/119 MP: 11/11
 11536 | Lair:2   | Reached skill level 8 in Fighting
 11536 | Lair:2   | Reached skill level 3 in Armour
 11583 | Lair:2   | Reached skill level 13 in Unarmed Combat
 11607 | Lair:2   | Reached skill level 9 in Shields
 11611 | Lair:2   | Reached ***** piety under Wu Jian
 11662 | Lair:2   | Noticed a five-headed hydra
 11680 | Lair:2   | Killed a nine-headed hydra
 11962 | Lair:2   | Reached skill level 4 in Armour
 11999 | Lair:2   | You fall into a shaft and drop 2 floors!
 12010 | Lair:4   | Noticed a five-headed hydra
 12020 | Lair:4   | Killed a five-headed hydra
 12187 | Lair:4   | Reached skill level 14 in Unarmed Combat
 12411 | Lair:4   | Reached XP level 13. HP: 130/130 MP: 12/12
 12495 | Lair:3   | Found a staircase to the Swamp.
 12575 | Lair:2   | Found a glowing silver altar of Zin.
 13367 | Lair:2   | Reached skill level 9 in Fighting
 13367 | Lair:2   | Reached skill level 5 in Armour
 13781 | Lair:2   | Reached skill level 10 in Shields
 14483 | Lair:3   | Found a hole to the Spider Nest.
 14687 | Spider:1 | Entered Level 1 of the Spider Nest
 14731 | Lair:4   | Reached skill level 15 in Unarmed Combat
 15584 | Lair:4   | Reached skill level 6 in Armour
 16075 | Lair:5   | Entered Level 5 of the Lair of Beasts
 16098 | Lair:5   | Reached ****** piety under Wu Jian
 16101 | Lair:5   | Noticed Josephine
 16118 | Lair:5   | Killed Josephine
 16160 | Lair:5   | Reached XP level 14. HP: 121/141 MP: 13/13
 16258 | Lair:5   | Found a staircase to the Slime Pits.
 16744 | Lair:5   | Reached skill level 10 in Fighting
 16803 | Lair:5   | Reached skill level 16 in Unarmed Combat
 17103 | Lair:5   | Reached skill level 11 in Shields
 17950 | Lair:5   | Reached skill level 7 in Armour
 18093 | Lair:5   | Found a corrupted altar of Lugonu.
 18093 | Lair:5   | Found a one-way gate to the infinite horrors of the Abyss.
 18117 | Lair:5   | Identified the +4 short sword "Muxtuuw" {pain, ^Drain Will+
                  | Int+7}
 18432 | Orc:1    | Entered Level 1 of the Orcish Mines
 18432 | Orc:1    | Found a burning altar of Makhleb.
 18609 | Orc:1    | Found a burning altar of Makhleb.
 18616 | Orc:2    | Entered Level 2 of the Orcish Mines
 19218 | Orc:2    | Found Siatede's Distillery.
 19234 | Orc:2    | Found Yjymn's Assorted Antiques.
 19249 | Orc:2    | Found a roughly hewn altar of Beogh.
 19747 | Orc:2    | Reached skill level 17 in Unarmed Combat
 19884 | Orc:2    | Noticed an orc warlord
 19910 | Orc:2    | Killed an orc warlord
 19911 | Orc:2    | Reached XP level 15. HP: 114/152 MP: 14/14
 20246 | Orc:2    | Found a roughly hewn altar of Beogh.
 20345 | Orc:2    | Found a staircase to the Elven Halls.
 20401 | Orc:2    | Paralysed by an orc sorcerer for 5 turns
 20748 | Orc:2    | Found Luthreg's Jewellery Boutique.
 20762 | Orc:2    | Bought the ring of Wejitz {Will++ MP+9} for 533 gold pieces
 20762 | Orc:2    | Bought a ring of see invisible for 195 gold pieces
 20882 | Orc:2    | Found Cioxeome's General Store.
 20955 | Orc:2    | Bought a scroll of identify for 26 gold pieces
 21237 | D:11     | Reached skill level 8 in Armour
 21615 | D:11     | Found a portal to a secret trove of treasure.
 21692 | D:11     | Found a sacrificial altar of Ru.
 21848 | D:12     | Reached skill level 11 in Fighting
 21849 | D:12     | Reached skill level 12 in Shields
 22296 | D:12     | You fall into a shaft and drop 2 floors!
 23015 | D:12     | Reached skill level 18 in Unarmed Combat
 23361 | D:12     | Identified the +1 morningstar "Killer Klown's Death"
                  | {spect, Fly rElec rF+ SInv}
 24378 | D:14     | Noticed Nessos
 24389 | D:14     | Killed Nessos
 24410 | D:14     | Noticed Azrael
 24451 | D:14     | Killed Azrael
 24458 | D:14     | Reached skill level 8 in Dodging
 24563 | D:14     | Reached XP level 16. HP: 134/163 MP: 15/15
 24638 | D:14     | Found a gate to the Vaults.
 25065 | D:14     | Reached skill level 9 in Armour
 25885 | D:14     | Identified the +0 robe of Wonderful Contentment {+Blink}
 26106 | D:15     | Entered Level 15 of the Dungeon
 26280 | D:15     | Noticed Agnes
 26286 | D:15     | Killed Agnes
 26325 | D:15     | Found an opulent altar of Gozag.
 26325 | D:15     | Found Gozag's Platinum Reserve.
 26392 | D:15     | Found a staircase to the Depths.
 26581 | D:15     | Identified the +1 robe of the King of the Hill {rC+ Str+5
                  | Int-5}
 26596 | D:15     | Reached skill level 19 in Unarmed Combat
 26828 | D:15     | Upgraded the game from 0.32-a0-909-gc671339a80 to
                  | 0.32-a0-913-g739538afd8
 27537 | Spider:1 | Noticed Donald
 27890 | Lair:3   | Reached skill level 13 in Shields
 28033 | Lair:3   | Reached skill level 12 in Fighting
 28270 | Lair:3   | Killed Donald
 28963 | Spider:1 | Reached skill level 9 in Dodging
 29547 | Spider:2 | Noticed Louise
 29558 | Spider:2 | Reached XP level 17. HP: 172/172 MP: 16/16
 29566 | Spider:2 | Killed Louise
 29876 | Spider:2 | Noticed Nikola
 29892 | Spider:2 | Killed Nikola
 30311 | Spider:3 | Noticed Arachne
 30322 | Spider:3 | Killed Arachne
 30713 | Spider:3 | Identified the serpent talisman of Elyvilon's Grace {Int+4
                  | Dex+3}
 30713 | Spider:3 | Noticed Aizul
 30729 | Spider:3 | Killed Aizul
 30730 | Spider:3 | Reached skill level 20 in Unarmed Combat
 31489 | Spider:4 | Entered Level 4 of the Spider Nest
 33053 | Spider:4 | Reached skill level 14 in Shields
 33334 | Spider:4 | Reached skill level 13 in Fighting
 33334 | Spider:4 | Reached XP level 18. HP: 128/185 MP: 17/17
 33952 | Spider:4 | Got a gossamer rune of Zot
 34246 | Swamp:1  | Entered Level 1 of the Swamp
 34467 | Swamp:1  | Reached skill level 21 in Unarmed Combat
 35210 | Swamp:2  | Got Ostroer's Almanac of Arenous Space
 35228 | Swamp:2  | Learned a level 1 spell: Apportation
 35264 | Swamp:2  | Noticed a tentacled monstrosity
 35272 | Swamp:2  | Killed a tentacled monstrosity
 36818 | Swamp:4  | Entered Level 4 of the Swamp
 38012 | Swamp:4  | Reached skill level 22 in Unarmed Combat
 38381 | Swamp:4  | Reached skill level 15 in Shields
 38507 | Swamp:4  | Noticed the 27-headed Lernaean hydra
 38948 | Swamp:4  | Killed the 27-headed Lernaean hydra
 39106 | Swamp:4  | Got a decaying rune of Zot
 39424 | Elf:1    | Entered Level 1 of the Elven Halls
 39431 | Elf:1    | Noticed Zenata
 39569 | Elf:1    | Killed Zenata
 39570 | Elf:1    | Reached XP level 19. HP: 162/196 MP: 18/18
 39668 | Elf:1    | Reached skill level 14 in Fighting
 39708 | Elf:1    | Paralysed by an air elemental for 1 turns
 40122 | Elf:1    | Found Rapnaip's Antique Weapon Shop.
 40674 | Elf:1    | Found a runed translucent gate.
 40674 | Elf:1    | Found a runed translucent gate.
 40674 | Elf:1    | Found a runed translucent gate.
 41087 | Elf:2    | Found a radiant altar of Vehumet.
 41284 | Elf:2    | Paralysed by an air elemental for 1 turns
 41296 | Elf:2    | Got the Parchment of the Frore Union
 41378 | Elf:2    | Found a runed translucent gate.
 41379 | Elf:2    | Found a runed translucent gate.
 41379 | Elf:2    | Found a runed translucent gate.
 41414 | Elf:3    | Entered Level 3 of the Elven Halls
 41417 | Elf:3    | Paralysed by an air elemental for 1 turns
 41514 | Elf:3    | Found Ihuubbu's Jewellery Boutique.
 42118 | Elf:3    | Reached skill level 1 in Shapeshifting
 42899 | Elf:3    | Reached skill level 23 in Unarmed Combat
 43163 | Elf:3    | Identified the +1 broad axe "Piyddydgh" {flame, Str+4
                  | Int+2}
 43163 | Elf:3    | Identified a +1 robe of resistance
 43771 | Elf:3    | Identified the +0 plate armour "Emotyot" {rN+}
 43864 | Elf:3    | Identified the +7 short sword "Quima" {heavy, ^Fragile MP+9
                  | Str+3 Int+2}
 44014 | Elf:3    | Reached skill level 2 in Shapeshifting
 46471 | Elf:3    | Got Xipsekis's Parchment of the Felsic Snowflakes
 46482 | Elf:3    | Got Tecaa's Precepts of the Wind and Shades
 46492 | Elf:3    | Learned a level 3 spell: Swiftness
 46495 | Elf:3    | Identified the staff of Desertification {+Blink rPois Fire
                  | Alchemy}
 46502 | Elf:3    | Identified the +1 helmet of the Game Afoot {Regen+ Int+2}
 46518 | Elf:3    | Identified the staff of Ydaramypn {rPois Earth}
 47026 | Vaults:1 | Entered Level 1 of the Vaults
 47168 | Vaults:1 | Reached skill level 3 in Shapeshifting
 47351 | Vaults:1 | Reached skill level 1 in Stealth
 47522 | Vaults:1 | Reached XP level 20. HP: 164/208 MP: 19/19
 47869 | Vaults:1 | Reached skill level 2 in Stealth
 47929 | Vaults:1 | Reached skill level 16 in Shields
 47999 | Vaults:1 | Reached skill level 4 in Shapeshifting
 48288 | Vaults:1 | Reached skill level 3 in Stealth
 48398 | Vaults:1 | Learned a level 2 spell: Lesser Beckoning
 49215 | Vaults:2 | Reached skill level 15 in Fighting
 49355 | Vaults:2 | Reached skill level 4 in Stealth
 49528 | Vaults:2 | Reached skill level 24 in Unarmed Combat
 49528 | Vaults:2 | Reached skill level 5 in Shapeshifting
 49676 | Vaults:2 | Paralysed by a formless jellyfish for 1 turns
 50342 | Vaults:2 | Reached skill level 5 in Stealth
 50739 | Vaults:3 | Reached XP level 21. HP: 218/218 MP: 20/20
 51367 | Vaults:3 | Found a staircase to the Crypt.
 51367 | Vaults:3 | Found a basalt altar of Yredelemnul.
 51368 | Vaults:3 | Found an ancient bone altar of Kikubaaqudgha.
 51539 | Vaults:3 | Reached skill level 6 in Shapeshifting
 52255 | Vaults:4 | Identified the orb "Tuizayrch" {light, Hexes Necro}
 52255 | Vaults:4 | Noticed Frederick
 52287 | Vaults:4 | Killed Frederick
 52871 | Vaults:4 | Reached skill level 7 in Shapeshifting
 52943 | Vaults:4 | Found a large runed translucent door.
 52943 | Vaults:4 | Found a large runed translucent door.
 52944 | Vaults:4 | Noticed Ciogeq's ghost (adept DECj)
 52961 | Vaults:4 | Killed Ciogeq's ghost
 53288 | Vaults:4 | Reached skill level 25 in Unarmed Combat
 54265 | Depths:1 | Entered Level 1 of the Depths
 54551 | Depths:1 | Reached skill level 16 in Fighting
 54656 | Depths:1 | Reached skill level 8 in Shapeshifting
 54678 | Depths:1 | Found Tanym's Distillery.
 54912 | Depths:1 | Found a gateway to Hell.
 55403 | Depths:1 | Found a white marble altar of Elyvilon.
 55918 | Depths:2 | Reached XP level 22. HP: 209/231 MP: 21/21
 55919 | Depths:2 | Identified the +2 great mace "Ufiochio" {vamp, +Blink Str-2
                  | Int+6 Dex+3}
 56114 | Depths:2 | Found a stormy altar of Qazlal.
 56452 | Depths:2 | Reached skill level 9 in Shapeshifting
 56470 | Depths:2 | Reached skill level 26 in Unarmed Combat
 56529 | Depths:2 | Found a radiant altar of Vehumet.
 56785 | Depths:2 | Found an iron altar of Okawaru.
 56788 | Depths:2 | Found a one-way gate leading to the halls of Pandemonium.
 57073 | Depths:2 | Found a sparkling altar of Nemelex Xobeh.
 57484 | Depths:2 | Noticed a golden dragon
 57532 | Depths:2 | Killed a golden dragon
 57760 | Depths:2 | Noticed a caustic shrike
 57760 | Depths:2 | Noticed a caustic shrike
 57768 | Depths:2 | Killed a caustic shrike
 57769 | Depths:2 | Reached skill level 10 in Shapeshifting
 57770 | Depths:2 | Noticed a caustic shrike
 57773 | Depths:2 | Killed a caustic shrike
 57779 | Depths:2 | Killed a caustic shrike
 58093 | Depths:2 | Acquired a manual of Shields
 58252 | D:15     | Bought the amulet of Jutsoepn {Rampage +Blink Regen+
                  | RegenMP+} for 4400 gold pieces
 58730 | Depths:3 | Found a corrupted altar of Lugonu.
 59153 | Depths:2 | Reached skill level 17 in Fighting
 59345 | Depths:3 | Reached skill level 17 in Shields
 59472 | Depths:3 | Reached XP level 23. HP: 237/243 MP: 22/22
 59638 | Depths:3 | Acquired 878 gold pieces
 60250 | Depths:3 | Found Nuwn's Book Boutique.
 60250 | Depths:3 | Found Ecieryby's Jewellery Shoppe.
 60251 | Depths:3 | Found Ytrukh's Jewellery Shoppe.
 60290 | Depths:4 | Entered Level 4 of the Depths
 60290 | Depths:4 | Noticed a juggernaut
 60297 | Depths:4 | Killed a juggernaut
 60298 | Depths:4 | Reached skill level 27 in Unarmed Combat
 60680 | Depths:4 | Noticed Sojobo
 60683 | Depths:4 | Reached skill level 10 in Armour
 60696 | Depths:4 | Noticed a caustic shrike
 60699 | Depths:4 | Noticed a caustic shrike
 60700 | Depths:4 | Noticed a caustic shrike
 60701 | Depths:4 | Noticed a caustic shrike
 60707 | Depths:4 | Noticed a caustic shrike
 60714 | Depths:3 | Killed a caustic shrike
 60720 | Depths:3 | Killed a caustic shrike
 60770 | Depths:4 | Paralysed by an air elemental for 1 turns
 60783 | Depths:3 | Killed Sojobo
 60899 | Depths:3 | Killed a caustic shrike
 61072 | Depths:3 | Killed a caustic shrike
 61120 | Depths:4 | Killed a caustic shrike
 61156 | Depths:4 | Found a one-way gateway to a ziggurat.
 61166 | Depths:4 | Reached skill level 11 in Shapeshifting
 61256 | Depths:4 | Found a gate to the Realm of Zot.
 61418 | Depths:4 | Got Ikhliemav's Verses on the Volley
 62444 | Vaults:5 | Entered Level 5 of the Vaults
 62451 | Vaults:5 | Noticed an ancient lich
 62581 | Vaults:5 | Reached skill level 12 in Shapeshifting
 62638 | Vaults:5 | Acquired 570 gold pieces
 62799 | Vaults:5 | Identified the +4 long sword "Ymarudwe" {heavy, rC+ Str-5
                  | Dex+3 SInv}
 62827 | Vaults:5 | Killed an ancient lich
 62828 | Vaults:5 | Reached skill level 13 in Shapeshifting
 62902 | Vaults:5 | Got a silver rune of Zot
 62920 | Vaults:5 | Identified the staff "Deral" {rElec Dex+3 Air}
 62964 | Vaults:5 | Identified the amulet of Dounlik {RegenMP+ rCorr}
 63460 | Vaults:5 | Reached skill level 14 in Shapeshifting
 63531 | Vaults:5 | Noticed a dread lich
 63547 | Vaults:5 | Killed a dread lich
 63586 | Vaults:5 | Identified the ring "Rymaq" {rC+ rCorr Str+2 Slay+2}
 63666 | Vaults:5 | Reached XP level 24. HP: 235/243 MP: 22/22
 63896 | Vaults:5 | Reached skill level 15 in Shapeshifting
 63935 | Vaults:5 | Identified the +5 scale mail of Divine Compulsion {rElec
                  | rPois Regen+ Int-4}
 63937 | Vaults:5 | Noticed an ancient lich
 63946 | Vaults:5 | Noticed a dread lich
 63959 | Vaults:5 | Killed an ancient lich
 63963 | Vaults:5 | Killed a dread lich
 64795 | Zot:1    | Entered Level 1 of the Realm of Zot
 64850 | Zot:1    | Reached skill level 16 in Shapeshifting
 65382 | Zot:1    | Noticed an electric golem
 65389 | Zot:1    | Killed an electric golem
 65461 | Zot:1    | Identified the +2 glaive "Kig Fuu" {drain, rN+ rCorr Str+2
                  | Dex-3}
 65811 | Zot:1    | Found a shimmering blue altar of Sif Muna.
 66148 | Zot:1    | Reached skill level 17 in Shapeshifting
 67722 | Zot:2    | Found a runed translucent door.
 67724 | Zot:2    | Noticed Cuhyol's ghost (veteran MfSh)
 67880 | Zot:2    | Killed Cuhyol's ghost
 67891 | Zot:2    | Identified the +1 war axe of Xivavair {freeze, rF++ rN+
                  | Will+ MP+9}
 68119 | Zot:3    | Reached skill level 18 in Shapeshifting
 68119 | Zot:3    | Noticed Parghit
 68139 | Zot:3    | Killed Parghit
 68428 | Zot:3    | Noticed an electric golem
 68437 | Zot:3    | Killed an electric golem
 69193 | Zot:4    | Got the Volume of the Impact
 69488 | Zot:4    | Reached skill level 19 in Shapeshifting
 69866 | Zot:5    | Entered Level 5 of the Realm of Zot
 70057 | Zot:5    | Reached XP level 25. HP: 262/262 MP: 22/22
 71208 | Zot:5    | Noticed an ancient lich
 71235 | Zot:5    | Noticed an orb of fire
 71238 | Zot:5    | Noticed an orb of fire
 71254 | Zot:4    | Killed an orb of fire
 71258 | Zot:4    | Killed an ancient lich
 71259 | Zot:4    | Reached skill level 20 in Shapeshifting
 71523 | Zot:5    | Noticed an orb of fire
 71840 | Zot:5    | Noticed a Killer Klown
 71858 | Zot:5    | Killed a Killer Klown
 71872 | Zot:5    | Noticed an orb of fire
 71887 | Zot:5    | Gained mutation: You are weak. (Str -2) [an orb of fire]
 71889 | Zot:5    | Gained mutation: You occasionally lose the ability to drink
                  | potions when taking damage. [an orb of fire]
 71899 | Zot:5    | Killed an orb of fire
 71900 | Zot:5    | Noticed a dread lich
 71911 | Zot:5    | Killed a dread lich
 71911 | Zot:5    | Noticed a Killer Klown
 71927 | Zot:5    | Killed a Killer Klown
 72363 | Zot:5    | Killed an orb of fire
 72895 | Zot:5    | Identified the +1 trident "Zutoalei" {distort, Int+2 Dex+3}
 73274 | Zot:5    | Noticed an electric golem
 73284 | Zot:5    | Killed an electric golem
 73463 | Zot:5    | Killed an orb of fire
 73836 | Zot:5    | Noticed a Killer Klown
 73860 | Zot:5    | Killed a Killer Klown
 73863 | Zot:5    | Noticed an electric golem
 73874 | Zot:5    | Reached skill level 21 in Shapeshifting
 73908 | Zot:5    | Killed an electric golem
 74093 | Zot:5    | Noticed an orb of fire
 74124 | Zot:5    | Gained mutation: You are frail. (-10% HP) [an orb of fire]
 74126 | Zot:5    | Killed an orb of fire
 74343 | Zot:5    | Lost mutation: You occasionally lose the ability to drink
                  | potions when taking damage. [potion of mutation]
 74343 | Zot:5    | Lost mutation: You are weak. (Str -2) [potion of mutation]
 74343 | Zot:5    | Lost mutation: You are frail. (-10% HP) [potion of
                  | mutation]
 74343 | Zot:5    | Gained mutation: You are frail. (-10% HP) [potion of
                  | mutation]
 74343 | Zot:5    | Gained mutation: You are partially covered in iridescent
                  | scales. (AC +2) [potion of mutation]
 74343 | Zot:5    | Gained mutation: You are agile. (Dex +4, Str/Int -1)
                  | [potion of mutation]
 75324 | Zot:5    | Noticed a Killer Klown
 75539 | Zot:5    | Killed a Killer Klown
 76763 | Zot:5    | Got the Orb of Zot
 77051 | D:13     | Noticed Tour the pandemonium lord
 77185 | D:6      | Reached skill level 22 in Shapeshifting
 77359 | D:$      | Escaped with the Orb!

Vanquished Creatures
  3 dread liches
  Frederick (Vaults:4)
  5 orbs of fire
  3 ancient liches
  A juggernaut (Depths:4)
  Sojobo (Depths:3)
  the Lernaean hydra (Swamp:4)
  Parghit (Zot:3)
  4 Killer Klowns (Zot:5)
  The ghost of Cuhyol the Skinwalker, a veteran MfSh of Jiyva (Zot:2)
  8 caustic shrikes
  6 golden dragons
  Arachne (Spider:3)
  The ghost of Ciogeq the Sorcerer, an adept DECj of Vehumet (Vaults:4)
  4 electric golems
  An Ice Fiend (D:12)
  Zenata (Elf:1)
  12 tentacled monstrosities
  4 liches
  29 Orb Guardians
  3 quicksilver dragons
  A walking earthen tome (Depths:2)
  2 deep elf blademasters
  6 titans
  A walking divine tome (Depths:2)
  An ancient champion (Vaults:3)
  7 sphinxes
  3 death cobs
  Agnes (D:15)
  Aizul (Spider:3)
  9 tengu reavers
  3 thorn hunters
  6 fire giants
  Donald (Lair:3)
  13 storm dragons
  A fenstrider witch (Swamp:2)
  6 shadow dragons
  8 draconian monks
  6 draconian shifters
  8 frost giants
  5 deep elf sorcerers (Elf:3)
  2 iron dragons
  3 draconian knights
  5 protean progenitors
  3 draconian scorchers
  7 emperor scorpions
  2 ghost moths
  4 deep elf elementalists
  19 vault wardens
  Louise (Spider:2)
  A balrug (Depths:2)
  2 orc warlords
  6 spriggan defenders
  16 ironbound preservers
  A reaper (Depths:2)
  14 very ugly things
  2 draconian stormcallers
  2 formless jellyfish (Vaults:2)
  4 broodmothers
  5 draconian annihilators
  14 stone giants
  4 ironbound thunderhulks
  6 deep elf demonologists
  11 green draconians
  5 vampire knights
  10 deep elf annihilators
  4 deep elf death magi (Elf:3)
  11 purple draconians
  2 black draconians
  6 bunyips
  15 spark wasps
  11 dire elephants
  5 eleionomae
  5 white draconians
  2 war gargoyles (Vaults:5)
  A lorocyproca (D:11)
  Azrael (D:14)
  A minotaur (Depths:3)
  5 red draconians
  6 yellow draconians
  2 jiangshi (Depths:1)
  The ghost of jejorda2 the Spear-Bearer, a journeyman GnBe of Trog (D:10)
  A blizzard demon (Depths:2)
  13 ettins
  3 great orbs of eyes
  5 entropy weavers
  10 deep elf high priests
  6 fire dragons
  15 yaktaur captains
  8 ice dragons
  Josephine (Lair:5)
  15 hydras
  2 ghost crabs
  4 rakshasas
  4 spriggan air magi
  3 jorogumos
  7 ironbound frosthearts
  An ogre mage (Vaults:5)
  An anaconda (shapeshifter) (Vaults:5)
  2 peacekeepers (Vaults:2)
  38 vault guards
  15 centaur warriors
  10 alligators
  5 death yaks (Lair:5)
  4 radroaches
  9 boulder beetles
  19 tengu warriors
  7 two-headed ogres
  6 deep troll shamans
  15 dancing weapons
  A torpor snail (shapeshifter) (Vaults:5)
  8 deep troll earth magi
  5 demonic crawlers
  5 orc high priests
  A vampire mage (Depths:1)
  7 hell hogs
  2 occultists (Depths:2)
  3 thrashing horrors (Lair:5)
  13 spriggan berserkers
  3 soul eaters (Depths:2)
  3 sun demons
  7 skeletal warriors
  11 deep elf knights
  6 shadow wraiths
  A fire crab (shapeshifter) (D:14)
  A fire crab (Lair:4)
  A sixfirhy (D:4)
  A goliath frog (Swamp:4)
  54 deep trolls
  4 pharaoh ants (Spider:4)
  10 iron trolls
  13 swamp dragons
  6 glowing orange brains
  6 spriggan druids
  9 orb spiders
  2 sun moths
  9 arcanists
  A flayed ghost (Depths:2)
  10 orc knights
  8 deep elf archers
  A lindwurm (shapeshifter) (Vaults:5)
  A glowing orange brain (shapeshifter) (Vaults:5)
  6 steelbarb worms
  20 ironbound convokers
  7 harpies
  4 bog bodies
  20 deep elf pyromancers
  2 thermic dynamos (Elf:1)
  A wolf spider zombie (D:12)
  6 lindwurms
  2 harpies (shapeshifter)
  A necromancer (Vaults:5)
  4 orc sorcerers (Orc:2)
  23 wolf spiders
  11 deep elf zephyrmancers
  8 phantasmal warriors
  An obsidian bat (Orc:2)
  7 manticores
  7 will-o-the-wisps
  58 ugly things
  A cyclops (shapeshifter) (Depths:3)
  A meliai (shapeshifter) (D:14)
  20 moths of wrath
  9 centaur zombies (D:12)
  23 elephants
  7 meliai
  An ice statue (Depths:2)
  2 water nymphs (Zot:5)
  8 cyclopes
  4 kobold blastminers (Orc:2)
  2 black mambas
  24 vault sentinels
  7 torpor snails
  A gargoyle (D:12)
  An eye of devastation (shapeshifter) (Depths:4)
  2 efreet
  9 cane toads
  A kobold demonologist (D:7)
  An unseen horror (D:13)
  2 rime drakes
  5 freezing wraiths
  A rime drake (shapeshifter) (D:12)
  22 komodo dragons
  34 yaktaurs
  3 tengu conjurers
  A queen bee (Spider:2)
  An ice devil (Depths:2)
  12 trolls
  6 polar bears
  A queen bee (shapeshifter) (D:13)
  A bloated husk (Swamp:1)
  17 tyrant leeches
  38 blink frogs
  33 tarantellas
  11 hornets
  2 raiju (Lair:5)
  34 jumping spiders
  2 blink frogs (shapeshifter)
  3 glass eyes
  31 slime creatures
  A snapping turtle (shapeshifter) (Lair:5)
  2 meliai zombies (D:12)
  26 culicivoras
  7 shadows
  38 yaks
  2 ynoxinuls (Lair:5)
  9 vampires
  12 spriggans
  5 air elementals
  Sigmund (D:2)
  3 wyverns
  3 fire bats (Lair:4)
  3 fire elementals
  7 water elementals
  13 wraiths
  A hog (shapeshifter) (Depths:2)
  9 basilisks
  2 steam dragons (D:7)
  4 wargs
  4 chaos spawn (Lair:5)
  49 redbacks
  12 vampire mosquitoes
  19 swamp worms
  A swamp worm (shapeshifter) (Elf:2)
  3 acid dragons
  2 hell hounds (D:14)
  13 water moccasins
  6 ice beasts
  47 orc warriors
  8 swamp drakes (Swamp:4)
  A laughing skull (D:14)
  6 black bears
  5 ettin simulacra (Depths:2)
  5 boggarts (Vaults:2)
  11 ogres
  13 small abominations
  12 centaurs
  6 wolves
  A phantom (D:7)
  15 bullfrogs
  An earth elemental (Elf:1)
  3 scorpions
  A wight (D:7)
  26 killer bees
  7 howler monkeys
  11 electric eels
  2 bombardier beetles (D:6)
  5 hounds
  A jelly (D:7)
  A gnoll bouda (D:7)
  33 orc priests
  2 sleepcaps
  2 boggart zombies (D:12)
  4 hell rats
  8 iguanas
  14 orc wizards
  7 gnolls (D:5)
  4 adders
  A white imp (D:6)
  4 ufetubi
  7 dart slugs
  2 ribbon worms (D:2)
  125 orcs
  6 endoplasms
  21 giant cockroaches
  5 hobgoblins
  2 jackals (D:2)
  11 kobolds
  4 quokkas
  5 ball pythons
  6 bats
  9 frilled lizards
  18 goblins
  8 rats
  4 aspiring fleshes
2178 creatures vanquished.

Vanquished Creatures (collateral kills)
  An ironbound preserver (Vaults:2)
1 creature vanquished.

Vanquished Creatures (others)
  Nikola (Spider:2)
  A ghost moth (Zot:2)
  Nessos (D:14)
  An occultist (Depths:2)
  2 deep elf knights (Elf:1)
  2 quicksilver dragon simulacra (Depths:2)
  A deep elf pyromancer (D:14)
  A deep elf zephyrmancer (Elf:1)
  A bloated husk (Swamp:4)
  A glass eye (Depths:2)
  A water elemental (D:13)
  A redback (Spider:2)
  A boggart (D:14)
  A kobold (D:4)
  36 foxfires
52 creatures vanquished.

Grand Total: 2231 creatures vanquished

Table legend: (Time is in decaauts)
 A = Elapsed time spent in this place.
 B = Non-inter-level travel time spent in this place.
 C = Inter-level travel time spent in this place.
 D = Time resting spent in this place.
 E = Time spent auto-exploring this place.
 F = Levels seen in this place.
 G = Mean time per level.
                   A        B        C        D        E       F      G
               +--------+--------+--------+--------+--------+-----+--------+
         Total |  75730 |  71010 |   4720 |  27722 |  25668 |  50 | 1514.6 |
       Dungeon |  17019 |  15359 |   1660 |   2611 |   9000 |  15 | 1134.6 |
        Temple |     86 |     51 |     35 |      0 |      0 |   1 |   86.0 |
          Lair |   9338 |   8953 |    385 |   3987 |   3012 |   5 | 1867.6 |
         Swamp |   4854 |   4729 |    125 |   2361 |   1232 |   4 | 1213.5 |
   Spider Nest |   5334 |   5141 |    193 |   2196 |   1455 |   4 | 1333.5 |
  Orcish Mines |   2941 |   2639 |    302 |    604 |   1186 |   2 | 1470.5 |
   Elven Halls |   7196 |   7044 |    152 |   4467 |   1131 |   3 | 2398.7 |
        Vaults |   9369 |   8480 |    889 |   2398 |   3674 |   5 | 1873.8 |
        Depths |   7485 |   7002 |    483 |   3227 |   2034 |   4 | 1871.2 |
           Zot |  11562 |  11070 |    492 |   5850 |   2818 |   5 | 2312.4 |
         Sewer |    439 |    439 |      0 |      9 |    126 |   1 |  439.0 |
        Bailey |    102 |    102 |      0 |     10 |      0 |   1 |  102.0 |
               +--------+--------+--------+--------+--------+-----+--------+

Top non-repeatable levels by time:
   Zot:5: 6380 daAuts
   Elf:3: 5175 daAuts
Depths:2: 2933 daAuts
  Lair:3: 2690 daAuts
Vaults:1: 2467 daAuts
 Swamp:4: 2324 daAuts
   Orc:2: 2189 daAuts
  Lair:5: 2122 daAuts
Spider:4: 2081 daAuts
Depths:1: 1891 daAuts
  Lair:2: 1871 daAuts
Spider:3: 1837 daAuts
Vaults:4: 1793 daAuts
  Lair:4: 1770 daAuts
Vaults:3: 1729 daAuts

Table legend:
 A = Non-vault XP
 B = Vault XP
 C = Vault XP percentage of total XP
 D = Non-vault monster count
 E = Vault monster count
 F = Vault count percentage of total count
                 A         B        C        D         E       F
            +---------+---------+-------+---------+---------+-------
      Total |  619231 |  641311 |  50.9 |    1176 |     999 |  45.9
            +---------+---------+-------+---------+---------+-------
        D:1 |      30 |       0 |   0.0 |      19 |       0 |   0.0
        D:2 |      82 |     210 |  71.9 |      18 |       1 |   5.3
        D:3 |      39 |      12 |  23.5 |      19 |       6 |  24.0
        D:4 |     542 |       0 |   0.0 |      12 |       0 |   0.0
        D:5 |     627 |     144 |  18.7 |      14 |       6 |  30.0
        D:6 |     858 |       0 |   0.0 |      17 |       0 |   0.0
        D:7 |    1594 |    2282 |  58.9 |      28 |      25 |  47.2
        D:8 |    1549 |    1515 |  49.4 |      16 |       7 |  30.4
        D:9 |    3201 |       0 |   0.0 |      20 |       0 |   0.0
       D:10 |    2330 |    2406 |  50.8 |      10 |      45 |  81.8
       D:11 |    4981 |       0 |   0.0 |      17 |       0 |   0.0
       D:12 |    4478 |   15789 |  77.9 |      16 |      46 |  74.2
       D:13 |    5327 |       0 |   0.0 |      25 |       0 |   0.0
       D:14 |   10338 |   18269 |  63.9 |      17 |      35 |  67.3
       D:15 |   12686 |    6892 |  35.2 |      24 |       9 |  27.3
     Lair:1 |    4206 |    1188 |  22.0 |      18 |       4 |  18.2
     Lair:2 |   12127 |    4761 |  28.2 |      41 |      15 |  26.8
     Lair:3 |   12710 |    5090 |  28.6 |      45 |       6 |  11.8
     Lair:4 |   15246 |    1478 |   8.8 |      42 |       4 |   8.7
     Lair:5 |   10983 |   14100 |  56.2 |      23 |      52 |  69.3
    Swamp:1 |   10953 |       0 |   0.0 |      25 |       0 |   0.0
    Swamp:2 |   14826 |    1751 |  10.6 |      24 |       7 |  22.6
    Swamp:3 |   16824 |       0 |   0.0 |      27 |       0 |   0.0
    Swamp:4 |   12719 |   18597 |  59.4 |      22 |      28 |  56.0
   Spider:1 |    6924 |     159 |   2.2 |      20 |       3 |  13.0
   Spider:2 |   15624 |    6135 |  28.2 |      40 |      17 |  29.8
   Spider:3 |   14915 |   15823 |  51.5 |      43 |      20 |  31.7
   Spider:4 |   17710 |   19199 |  52.0 |      39 |      34 |  46.6
      Orc:1 |    1070 |       0 |   0.0 |      12 |       0 |   0.0
      Orc:2 |       0 |   24254 | 100.0 |       0 |     154 | 100.0
      Elf:1 |   25262 |    8750 |  25.7 |      43 |      15 |  25.9
      Elf:2 |    4154 |    4153 |  50.0 |       8 |       5 |  38.5
      Elf:3 |    9939 |   31218 |  75.9 |      15 |      29 |  65.9
   Vaults:1 |   39749 |   19316 |  32.7 |      55 |      28 |  33.7
   Vaults:2 |   40202 |   25370 |  38.7 |      63 |      32 |  33.7
   Vaults:3 |   15899 |   27907 |  63.7 |      25 |      36 |  59.0
   Vaults:4 |   19495 |   14375 |  42.4 |      27 |      10 |  27.0
   Vaults:5 |    9394 |  114858 |  92.4 |      15 |     100 |  87.0
   Depths:1 |   40055 |    4693 |  10.5 |      52 |       5 |   8.8
   Depths:2 |   16579 |  102519 |  86.1 |      21 |     110 |  84.0
   Depths:3 |   23065 |   19014 |  45.2 |      17 |      14 |  45.2
   Depths:4 |   28486 |    8354 |  22.7 |      24 |       7 |  22.6
      Zot:1 |   36184 |       0 |   0.0 |      30 |       0 |   0.0
      Zot:2 |   18729 |    5292 |  22.0 |      22 |       2 |   8.3
      Zot:3 |   29848 |    3052 |   9.3 |      25 |       1 |   3.8
      Zot:4 |   21738 |    9488 |  30.4 |      18 |       2 |  10.0
      Zot:5 |   24954 |   82620 |  76.8 |      23 |      36 |  61.0
      Sewer |       0 |     252 | 100.0 |       0 |      29 | 100.0
     Bailey |       0 |      26 | 100.0 |       0 |      14 | 100.0
            +---------+---------+-------+---------+---------+-------
